 Dungeon Crawl Stone Soup version 0.29-a0-878-g7b45a56 (webtiles) character file.

Game seed: 17866592809065305717

530 alskdj the Chopper (level 7, -2/60 HPs)
             Began as a Minotaur Fighter on July 28, 2022.
             Slain by an ogre
             ... wielding a +0 giant club
              (21 damage)
             ... on level 5 of the Dungeon.
             The game lasted 00:19:05 (2455 turns).

alskdj the Chopper (Minotaur Fighter)               Turns: 2455, Time: 00:19:07

Health: -2/60      AC:  8    Str: 22    XL:     7   Next: 3%
Magic:  6/6        EV:  8    Int:  5    God:
Gold:   230        SH:  5    Dex: 16    Spells: 6/6 levels left

rFire   . . .      SeeInvis .   a - +0 war axe (protect)
rCold   . . .      Faith    .   c - +0 buckler
rNeg    . . .      Spirit   .   h - +0 chain mail
rPois   .          Reflect  .   (helmet restricted)
rElec   .          Harm     .   (no cloak)
rCorr   .          Rampage  .   (no gloves)
Will    .....                   (no boots)
Stlth   ..........              (no amulet)
HPRegen 0.20/turn               k - +6 ring of dexterity
MPRegen 0.10/turn               (no ring)

@: corroded, under a protective aura
A: horns 2, retaliatory headbutt
a: no special abilities


You were on level 5 of the Dungeon.
You visited 1 branch of the dungeon, and saw 5 of its levels.
You also visited: Ossuary.

You collected 230 gold pieces.

Inventory:

Hand Weapons
 a - a +0 war axe of protection (weapon)
Missiles
 d - 19 stones
 g - 8 poisoned darts (quivered)
Armour
 c - a +0 buckler (worn)
 h - a +0 chain mail (worn)
Jewellery
 k - a +6 ring of dexterity (left hand)
Wands
 i - a wand of flame (22)
Scrolls
 e - 10 scrolls of identify
 f - a scroll of poison
 j - a scroll of enchant armour
Potions
 b - 2 potions of flight
 l - a potion of magic
 m - 5 potions of curing


   Skills:
 + Level 4.8 Fighting
 + Level 6.2 Axes
 + Level 2.2 Throwing
 + Level 5.4 Armour
 + Level 1.0 Dodging
 + Level 0.2 Stealth
 + Level 4.3 Shields


You had 6 spell levels left.
You didn't know any spells.
Your spell library was empty.

Dungeon Overview and Level Annotations

Branches:
Dungeon (5/15)            Ossuary (visited)
 Temple: D:4-7

Altars:
The Shining One


Innate Abilities, Weirdness & Mutations

You have a pair of horns on your head.
You reflexively headbutt those who attack you in melee.


Message History

Aim: a jelly (severely wounded, about 10% to evade your +0 war axe of protection)
The ogre shouts!
You hit the jelly but do no damage.
Your hands burn!
You headbutt the jelly.
The jelly is severely wounded.
The jelly hits you but does no damage.
Cleave: a) +0 war axe (protect)
Press: ? - help, Dir - move target, f/p - jelly
Aim: a jelly (severely wounded, about 10% to evade your +0 war axe of protection)
You barely miss the jelly.
The jelly is severely wounded.
The jelly hits you.
You are splashed with acid!
Cleave: a) +0 war axe (protect)
Press: ? - help, Dir - move target, f/p - jelly
Aim: a jelly (severely wounded, about 10% to evade your +0 war axe of protection)
You barely miss the jelly.
The jelly is severely wounded.
The jelly hits you.
* * * LOW HITPOINT WARNING * * *
You are splashed with acid!
* * * LOW HITPOINT WARNING * * *
You feel better. The jelly hits you but does no damage.
Cleave: a) +0 war axe (protect)
Press: ? - help, Dir - move target, f/p - jelly
Aim: a jelly (severely wounded, about 10% to evade your +0 war axe of protection)
You slash the jelly!
You kill the jelly!
You have reached level 7!
Cleave: a) +0 war axe (protect)
Press: ? - help, Dir - move target, f - ogre
Aim: an ogre, wielding a +0 giant club (about 23% to evade your +0 war axe of protection)
You barely miss the ogre.
You headbutt the ogre, but do no damage.
You block the ogre's attack.
Cleave: a) +0 war axe (protect)
Press: ? - help, Dir - move target, f/p - ogre
Aim: an ogre, wielding a +0 giant club (about 23% to evade your +0 war axe of protection)
You hit the ogre but do no damage. You headbutt the ogre!
The ogre is heavily wounded.
The ogre hits you with a +0 giant club!!
You die...

........###..#
#.###
.............# #.#
.....#.#.##..# #.#
.............###.##
.>.................
#...............##
#...#.#.#.........
#.................
##....@O........##
####.#......##.#
..........# ##
........)....#
#..............#
............##.#
............# .#
..#.### .....


You could see an ogre.

Vanquished Creatures
  Grinder (D:3)
  A scorpion (D:4)
  2 human zombies (Ossuary)
  A jelly (D:5)
  Ijyb (D:3)
  An iguana (D:5)
  A hound zombie (Ossuary)
  3 mummies (Ossuary)
  2 adders
  An adder zombie (Ossuary)
  2 worms
  A dart slug (D:2)
  6 orcs
  7 endoplasms
  2 giant cockroaches
  4 goblins
  6 hobgoblins
  A quokka (D:3)
  7 ball pythons
  2 bats (D:3)
  5 frilled lizards
  A gnoll zombie (Ossuary)
  A hobgoblin zombie (Ossuary)
  A kobold (D:3)
  2 kobold zombies (Ossuary)
  3 orc zombies (Ossuary)
  A rat zombie (Ossuary)
66 creatures vanquished.

Notes
Turn   | Place    | Note
-------+----------+-------------------------------------------
     0 | D:1      | alskdj the Minotaur Fighter began the quest for the Orb.
     0 | D:1      | Reached XP level 1. HP: 19/19 MP: 0/0
   426 | D:2      | Found a glowing golden altar of the Shining One.
   664 | D:2      | Reached XP level 2. HP: 22/27 MP: 1/1
  1202 | D:3      | You fall into a shaft and drop 1 floor!
  1223 | D:4      | Reached XP level 3. HP: 33/33 MP: 2/2
  1309 | D:3      | Noticed Grinder
  1311 | D:3      | Paralysed by Grinder for 5 turns
  1322 | D:3      | Killed Grinder
  1323 | D:3      | Reached skill level 4 in Axes
  1323 | D:3      | Reached skill level 1 in Throwing
  1323 | D:3      | Reached skill level 5 in Armour
  1323 | D:3      | Reached XP level 4. HP: 12/41 MP: 3/3
  1323 | D:3      | Reached XP level 5. HP: 13/47 MP: 4/4
  1643 | D:3      | Noticed Ijyb
  1654 | D:3      | Killed Ijyb
  1668 | D:3      | Reached XP level 6. HP: 41/53 MP: 5/5
  1821 | D:4      | Reached skill level 5 in Axes
  1821 | D:4      | Reached skill level 1 in Dodging
  2038 | D:5      | Entered Level 5 of the Dungeon
  2108 | D:5      | Found a sand-covered staircase.
  2113 | Ossuary  | Entered an ossuary
  2448 | D:5      | Reached skill level 6 in Axes
  2454 | D:5      | Reached XP level 7. HP: 19/60 MP: 6/6
  2455 | D:5      | Slain by an ogre

Illustrated notes

Levels and vault maps discovered:
D:1:      amcnicky_arrival_flooded_fountain, layout_loops_cross,
          columned_hall_lemuel, glass_columns_b, minmay_worlds_worst_comb
D:2:      layout_basic, basic_altar, minmay_misc_feat_rugged, grunt_decor_cap,
          nicolae_concentric_dashed_squares_mild
D:3:      minmay_wonky_spiral, layout_basic, uniq_grinder, uniq_terence,
          uniq_ijyb
D:4:      layout_basic, kennysheep_generic_room_7
D:5:      minmay_inner_zag, layout_basic, minitemple, enter_ossuary_2,
          serial_shops, shop, hangedman_abyss_or_decor_passed, uniq_duvessa

Skill      XL: |  1  2  3  4  5  6 |
---------------+-------------------+-----
Fighting       | 4 |  4.8
Armour         | 4 5 |  5.4
Axes           | 4 6 |  6.2
Throwing       | 1 2 |  2.2
Shields        | 4 |  4.3
Dodging        | 1 |  1.0
Stealth        | |  0.2

Action                   |  1- 3 |  4- 6 |  7- 9 || total
-------------------------+-------+-------+-------++-------
Melee: War axe           |    61 |    83 |     2 ||   146
       Headbutt          |     5 |    20 |     2 ||    27
Throw: Dart              |    15 |     8 |       ||    23
  Use: Scroll            |     4 |     5 |       ||     9
       Potion            |     3 |     2 |       ||     5
Armor: Scale mail        |    15 |       |       ||    15
       Chain mail        |    27 |    69 |       ||    96
Dodge: Dodged            |    45 |    38 |       ||    83
Block: Buckler           |     9 |    34 |     1 ||    44

Table legend: (Time is in decaauts)
 A = Elapsed time spent in this place.
 B = Non-inter-level travel time spent in this place.
 C = Inter-level travel time spent in this place.
 D = Time resting spent in this place.
 E = Time spent auto-exploring this place.
 F = Levels seen in this place.
 G = Mean time per level.
                   A        B        C        D        E       F      G
               +--------+--------+--------+--------+--------+-----+--------+
         Total |   2500 |   2500 |      0 |    557 |      0 |   6 |  416.7 |
       Dungeon |   2192 |   2192 |      0 |    461 |      0 |   5 |  438.4 |
       Ossuary |    308 |    308 |      0 |     96 |      0 |   1 |  308.0 |
               +--------+--------+--------+--------+--------+-----+--------+

Top non-repeatable levels by time:
     D:3: 812 daAuts
     D:2: 607 daAuts
     D:4: 354 daAuts
 Ossuary: 308 daAuts
     D:1: 299 daAuts
     D:5: 118 daAuts
